 Dungeon Crawl Stone Soup version 0.28.0 (webtiles) character file.

Game seed: 3834032538829649185

3874 Hasart the Slasher (level 9, -7/71 (74) HPs)
             Began as a Demigod Fighter on Feb 13, 2022.
             Mangled by Harold (11 damage)
             ... on level 7 of the Dungeon.
             The game lasted 00:21:20 (9660 turns).

Hasart the Slasher (Demigod Fighter)                Turns: 9660, Time: 00:21:21

HP:   -7/71 (74)    AC: 10    Str: 21    XL:     9   Next: 67%
MP:   11/11         EV: 10    Int: 10    God:
Gold: 604           SH:  6    Dex: 21    Spells: 8/8 levels left

rFire   . . .      SeeInvis .   e - +5 scimitar
rCold   . . .      Faith    .   c - +0 buckler
rNeg    . . .      Spirit   .   p - +1 chain mail
rPois   .          Reflect  .   (no helmet)
rElec   .          Harm     .   (no cloak)
rCorr   .          Rampage  .   (no gloves)
Will    .....                   (no boots)
Stlth   ..........              (no amulet)
HPRegen 0.21/turn               (no ring)
MPRegen 0.12/turn               (no ring)

@: mighty, lightly drained
A: high MP 1, forlorn, divine attributes
a: no special abilities


You were on level 7 of the Dungeon.
You visited 1 branch of the dungeon, and saw 7 of its levels.

You collected 604 gold pieces.

Inventory:

Hand Weapons
 e - a +5 scimitar (weapon)
 f - a +3 short sword of draining
Missiles
 m - 21 poisoned darts (quivered)
 z - 5 javelins
 B - 8 boomerangs
Armour
 c - a +0 buckler (worn)
 p - a +1 chain mail (worn)
Jewellery
 y - a ring of fire
Wands
 n - a wand of iceblast (5)
 w - a wand of paralysis (2)
 A - a wand of flame (5)
Scrolls
 b - 2 scrolls of identify
 g - 4 scrolls of teleportation
 j - a scroll of enchant armour
 s - a scroll of fog
Potions
 d - a potion of might
 i - 2 potions of heal wounds {unknown}
 k - a potion of invisibility {unknown}
 o - 5 potions of brilliance
 r - 2 potions of curing
 x - 2 potions of attraction {unknown}
 E - a potion of degeneration {unknown}
 G - a potion of mutation {unknown}


   Skills:
 + Level 5.4 Fighting
 * Level 6.9 Long Blades
 + Level 4.3 Throwing
 + Level 5.3 Armour
 + Level 4.5 Dodging
 + Level 5.3 Shields
 + Level 4.2 Evocations


You had 8 spell levels left.
You didn't know any spells.
Your spell library was empty.

Dungeon Overview and Level Annotations

Branches:
Dungeon (7/15)
 Temple: D:4-7

Shops:
D:6 [

Annotations:
D:7 Harold


Innate Abilities, Weirdness & Mutations

You have an increased reservoir of magic. (+10% MP)
You shall have no god before yourself.
Your divine heritage dramatically boosts your attributes as you level up.


Message History

Harold is moderately wounded.
Harold drinks a potion.
Harold is healed!
Harold looks more healthy.
Throw: 23 darts (poison)
Press: ? - help, Q - select action, (/) - cycle Shift-Dir - straight line, f/p - Harold
Aim: Harold, wielding a +0 dire flail, wearing a +0 scale mail and quivering 2 throwing nets (moderately wounded, slow, 76% to hit)
You throw a poisoned dart. The poisoned dart hits Harold!
Harold is poisoned.
Harold is moderately wounded.
Throw: 22 darts (poison)
Press: ? - help, Q - select action, (/) - cycle Shift-Dir - straight line, f/p - Harold
Aim: Harold, wielding a +0 dire flail, wearing a +0 scale mail and quivering 2 throwing nets (moderately wounded, very poisoned, slow, 76% to hit)
You throw a poisoned dart. The poisoned dart hits Harold.
Harold looks even sicker.
Harold is moderately wounded.
Harold fires a harpoon shot at you. The harpoon shot hits you!
You are yanked forward by the harpoon shot.
Unknown command.
You hit Harold.
Harold is moderately wounded.
You hit Harold but do no damage.
Harold is moderately wounded.
Harold is no longer moving slowly.
Harold hits you with a +0 dire flail!
You barely miss Harold.
Harold is moderately wounded.
You block Harold's attack.
You barely miss Harold.
Harold is moderately wounded.
Harold hits you with a +0 dire flail!!
* * * LOW HITPOINT WARNING * * *
You feel very mighty all of a sudden. Harold hits you with a +0 dire flail!!
* * * LOW HITPOINT WARNING * * *
Unknown command.
You slash Harold!
Harold is heavily wounded.
You block Harold's attack.
You slash Harold!
Harold is severely wounded.
Harold barely misses you. Harold hits you with a +0 dire flail!
You die...

#..# .. .... # .#
......# .. #.....###.#
#.....#..# #
######..#(..#
########........@..##
................@#..
.................$#
..................##
...................#..
......................#
.......................#
................(......#
........................
........................


You could see Harold (very poisoned).

Vanquished Creatures
  A kobold demonologist (D:6)
  A troll (D:5)
  Sigmund (D:2)
  Eustachio (D:6)
  Menkaure (D:4)
  Edmund (D:5)
  5 water moccasins (D:6)
  3 orc warriors
  An ice beast (D:5)
  A necrophage (D:7)
  2 black bears (D:6)
  2 ogres (D:5)
  3 centaurs (D:6)
  2 phantoms (D:5)
  A gnoll sergeant (D:6)
  2 scorpions
  3 howler monkeys
  3 wights (D:6)
  A bullfrog zombie (D:6)
  A centaur zombie (D:6)
  3 orc priests
  2 bullfrog skeletons (D:6)
  4 hounds
  A centaur skeleton (D:6)
  4 orc wizards
  A howler monkey zombie (D:7)
  4 gnolls
  13 adders
  2 white imps (D:6)
  2 adder skeletons
  A worm (D:3)
  A dart slug (D:4)
  18 orcs
  8 endoplasms
  A giant cockroach (D:2)
  4 hobgoblins
  8 kobolds
  2 quokkas (D:3)
  4 ball pythons
  4 bats
  5 frilled lizards
  12 goblins
  8 rats
148 creatures vanquished.

Vanquished Creatures (others)
  4 fungi (D:6)
4 creatures vanquished.

Grand Total: 152 creatures vanquished

Notes
Turn   | Place    | Note
-------+----------+-------------------------------------------
     0 | D:1      | Hasart the Demigod Fighter began the quest for the Orb.
     0 | D:1      | Reached XP level 1. HP: 18/18 MP: 3/3
    92 | D:1      | Reached skill level 2 in Long Blades
   111 | D:1      | Reached XP level 2. HP: 25/25 MP: 4/4
   671 | D:2      | Noticed Sigmund
   955 | D:3      | Reached XP level 3. HP: 21/30 MP: 5/5
  1047 | D:3      | Reached skill level 1 in Dodging
  2268 | D:4      | Reached XP level 4. HP: 38/38 MP: 6/6
  2972 | D:4      | Reached skill level 1 in Throwing
  3286 | D:4      | Noticed an ogre
  3570 | D:4      | Reached skill level 3 in Long Blades
  3570 | D:4      | Reached skill level 1 in Evocations
  3570 | D:4      | Reached XP level 5. HP: 35/45 MP: 7/7
  3682 | D:4      | Noticed Menkaure
  3725 | D:5      | Entered Level 5 of the Dungeon
  3751 | D:5      | Noticed an ogre
  3763 | D:5      | Killed an ogre
  3886 | D:5      | Reached XP level 6. HP: 15/51 MP: 8/8
  4135 | D:5      | Noticed Edmund
  4166 | D:5      | Killed Edmund
  4285 | D:5      | Noticed a troll
  4489 | D:5      | Killed a troll
  4490 | D:5      | Reached skill level 4 in Long Blades
  4490 | D:5      | Reached XP level 7. HP: 45/58 MP: 9/9
  5300 | D:4      | Killed Menkaure
  6117 | D:2      | Killed Sigmund
  6118 | D:2      | Reached XP level 8. HP: 66/66 MP: 10/10
  6126 | D:2      | Reached skill level 5 in Long Blades
  6432 | D:6      | Noticed Eustachio
  8063 | D:6      | Reached skill level 6 in Long Blades
  8063 | D:6      | Reached XP level 9. HP: 70/73 MP: 11/11
  8367 | D:6      | Reached skill level 5 in Fighting
  8511 | D:6      | Reached skill level 5 in Armour
  8514 | D:6      | Reached skill level 5 in Shields
  8863 | D:6      | Killed Eustachio
  9057 | D:6      | Found Xosot's Armour Boutique.
  9083 | D:6      | Noticed a kobold demonologist
  9100 | D:6      | Killed a kobold demonologist
  9646 | D:7      | Noticed Harold
  9658 | D:7      | HP: 3/71 [Harold (18)]
  9660 | D:7      | Mangled by Harold

Illustrated notes

Levels and vault maps discovered:
D:1:      dpeg_arrival_arbitrary_c, layout_basic, minmay_tall_x
D:2:      layout_rooms, dreamdust_ecumenical_altar_hidden_monk_grotto,
          uniq_sigmund
D:3:      layout_loops_corners, mainiacjoe_overflow_24_doors
D:4:      layout_basic, nicolae_ru_awakened_eye, serial_co_window_serial,
          co_window_of_opportunity_a, co_window_paths_a, co_window_paths_b,
          co_window_of_opportunity_a, co_window_paths_a, co_window_paths_c,
          co_window_broadway_b, co_window_broadway_c, co_window_sun,
          glass_columns_b, minmay_ogre_servants, uniq_menkaure
D:5:      layout_loops_cross, uniq_edmund
D:6:      minmay_polygon_palace, layout_cave_pools,
          mainiacjoe_overflow_chevrons, serial_shops, shop,
          minmay_misc_feat_columns, kennysheep_generic_room_13, uniq_eustachio
D:7:      layout_cave_pods, minmay_temple_entry_trees, grunt_ministairs_6,
          uniq_harold

Skill      XL: |  1  2  3  4  5  6  7  8  9 |
---------------+----------------------------+-----
Long Blades    | 2 3 4 6 |  6.9
Armour         | 3 4 5 |  5.3
Dodging        | 1 2 3 4 |  4.5
Fighting       | 3 4 5 |  5.4
Shields        | 3 4 5 |  5.3
Throwing       | 1 2 3 4 |  4.3
Evocations     | 1 2 3 4 |  4.2

Action                   |  1- 3 |  4- 6 |  7- 9 || total
-------------------------+-------+-------+-------++-------
Melee: Long sword        |    14 |       |       ||    14
       Short sword       |   102 |   102 |   373 ||   577
       Scimitar          |       |       |    20 ||    20
Throw: Dart              |       |    30 |    47 ||    77
Evoke: Wand              |       |       |     9 ||     9
  Use: Scroll            |       |       |    14 ||    14
       Potion            |       |       |     2 ||     2
 Stab: Paralysed         |       |       |     3 ||     3
Armor: Scale mail        |    29 |       |       ||    29
       Chain mail        |    16 |    37 |   185 ||   238
Dodge: Dodged            |    47 |    29 |   170 ||   246
Block: Buckler           |    24 |    29 |   126 ||   179
